Map: 16-Bit LE

Players

Wardi

  • Race: Terran Terran
  • Spawn Location: 1:00

Semper - Winner!

  • Race: Terran Terran
  • Spawn Location: 7:00

Event: WCS Austin 2018

VOD

Have the link to the VOD?

Description

Time

  • Played on: June 1, 2018, 1:39 p.m.
  • Length: 5:49

All games in this series

Show
View Real Time Build Order
Export as new Build Order

Wardi Terran 

Build Orders: Cyclone Opening 

Get SALT Encoding   

  12  0:00  SCV  
  13  0:12  SCV  
  14  0:18  Supply Depot  
  14  0:25  SCV  
  15  0:29  Refinery  
  15  0:39  SCV  
  16  0:46  Barracks  
  16  0:52  SCV  
  17  0:58  Refinery  
  17  1:04  SCV  
  18  1:18  SCV  
  19  1:33  Reaper  
  19  1:34  Orbital Command  
  19  1:37  Factory  
  20  1:49  Supply Depot  
  20  1:59  SCV  
  21  2:05  Reaper  
  22  2:12  SCV  
  23  2:23  Cyclone  
  23  2:25  SCV  
  23  2:29  Supply Depot  
  26  2:38  Barracks Reactor  
  26  2:41  SCV  
  27  2:55  Cyclone  
  27  2:56  SCV  
  31  3:05  Command Center  
  31  3:09  SCV  
  30  3:40  SCV  
  28  3:49  Cyclone x2  
  28  3:50  Barracks Tech Lab  
  28  3:52  SCV  
  35  4:03  Supply Depot  
  35  4:04  SCV  
  35  4:08  Marine  
  37  4:16  SCV  
  38  4:24  Cyclone x2  
  44  4:33  Marine  
  44  4:34  SCV  
  46  4:40  Orbital Command  
  46  4:50  Barracks  
  46  4:51  Marine  
  47  4:59  Barracks  
  47  5:01  SCV  
  47  5:05  SCV  
  49  5:08  Factory Reactor  
  49  5:09  Supply Depot  
  49  5:16  Engineering Bay  
  49  5:17  SCV  
Show
View Real Time Build Order
Export as new Build Order

Semper Terran - Winner!

Build Orders: Cyclone Opening 

Get SALT Encoding   

  12  0:00  SCV  
  13  0:12  SCV  
  14  0:17  Supply Depot  
  14  0:25  SCV  
  15  0:29  Refinery  
  15  0:39  SCV  
  16  0:46  Barracks  
  16  0:51  SCV  
  17  0:57  Refinery  
  17  1:03  SCV  
  18  1:15  SCV  
  19  1:32  Orbital Command  
  19  1:33  Reaper  
  19  1:38  Factory  
  20  1:57  Supply Depot  
  20  1:58  SCV  
  22  2:09  Reaper  
  22  2:10  SCV  
  23  2:22  Hellion  
  25  2:23  SCV  
  26  2:34  Command Center  
  26  2:36  SCV  
  27  2:40  Supply Depot  
  27  2:45  Barracks Reactor  
  27  2:48  SCV  
  28  2:55  Cyclone  
  31  3:02  SCV  
  32  3:14  SCV  
  33  3:30  SCV  
  34  3:42  SCV  
  34  3:43  Cyclone  
  34  3:45  Cyclone  
  34  3:46  Orbital Command  
  37  3:54  SCV, Barracks Tech Lab  
  38  4:06  SCV  
  39  4:10  Engineering Bay  
  39  4:11  SCV  
  39  4:13  Marine  
  39  4:16  Cyclone  
  44  4:17  Cyclone  
  44  4:18  Supply Depot, SCV  
  44  4:23  SCV  
  49  4:31  SCV  
  49  4:35  Marine  
  51  4:39  SCV  
  51  4:41  Supply Depot  
  52  4:53  Marine, SCV  
  52  4:56  Barracks  
  52  4:57  Barracks  
  52  4:59  Factory Reactor  
  54  5:00  SCV  
  54  5:02  Supply Depot  
  54  5:05  SCV  
  56  5:07  Supply Depot  
  56  5:09  Refinery  
  56  5:12  Marine, SCV  
  58  5:17  SCV  
  59  5:25  SCV  
  60  5:29  SCV  
  60  5:30  Supply Depot, Marine  
  60  5:33  Starport  
  62  5:37  SCV  
  62  5:42  Factory Reactor  
Tags
 
Add a new tag
Caveats
  • Supply blocks, unpowered buildings, or Contaminate may cause inaccurate times.
  • Supply counts are checked every 10 seconds.